 Dungeon Crawl Stone Soup version 0.27.0-65-ge2af304b15 (webtiles) character file.

Game seed: 8597490687387526702

401 Araneus the Insei (level 6, -2/38 HPs)
             Began as an Octopode Transmuter on Aug 18, 2021.
             Slain by an orc wizard (3 damage)
             ... on level 3 of the Dungeon.
             The game lasted 00:08:38 (2981 turns).

Araneus the Insei (Octopode Transmuter)             Turns: 2981, Time: 00:08:38

Health: -2/38      AC:  1    Str:  8    XL:     6   Next: 85%
Magic:  8/9        EV: 13    Int: 15    God:
Gold:   91         SH:  0    Dex: 16    Spells: 4/9 levels left

rFire    . . .     SeeInvis .     - Unarmed
rCold    . . .     Faith    .   (no shield)
rNeg     . . .     Spirit   .   (helmet currently unavailable)
rPois    .         Reflect  .   (no amulet)
rElec    .         Harm     .   (no ring)
rCorr    .         Rampage  .   (no ring)
Will     .....                  (no ring)
Stlth    ++........             (no ring)
HPRegen  0.12/turn              (no ring)
MPRegen  0.11/turn              (no ring)
                                (no ring)
                                (no ring)

@: confused, appendages, unable to read, attractive, very slightly contaminated,
invisible
A: tentacle spike 3, almost no armour, amphibious, 8 rings, camouflage 1,
gelatinous body 1, (nimble swimmer 1), tentacles, agile 1, weak 1, wild magic 1,
inability to read while threatened
a: End Transformation


You were on level 3 of the Dungeon.
One of your tentacles had grown a beastly spike.
You visited 1 branch of the dungeon, and saw 3 of its levels.

You collected 91 gold pieces.

Inventory:

Jewellery
 n - a ring of positive energy
Wands
 k - a wand of digging (6)
Scrolls
 a - 5 scrolls of teleportation {unknown}
 b - 3 scrolls of identify {unknown}
 c - 2 scrolls of fog {unknown}
 d - a scroll of torment {unknown}
 e - a scroll of silence {unknown}
 g - a scroll of fear {unknown}
 h - a scroll of magic mapping {unknown}
 l - a scroll of blinking {unknown}
 m - a scroll of noise {unknown}
Potions
 f - a potion of attraction


   Skills:
 + Level 1.0 Fighting
 - Level 2.0 Dodging
 + Level 5.9 Unarmed Combat
 - Level 2.0 Spellcasting
 + Level 4.8 Transmutations
 * Level 0.4 Ice Magic


You had 4 spell levels left.
You knew the following spells:

 Your Spells              Type           Power      Damage    Failure   Level
a - Beastly Appendage     Tmut           40%        N/A       5%          1
b - Ice Form              Ice/Tmut       12%        N/A       67%         4

Your spell library contained the following spells:

 Spells                   Type           Power      Damage    Failure   Level
 Wereblood                Tmut           20%        N/A       8%          2
 Spider Form              Tmut/Pois      5%         N/A       34%         3


Dungeon Overview and Level Annotations

Branches:
Dungeon (3/15)

Altars:
Kikubaaqudgha


Innate Abilities, Weirdness & Mutations

One of your tentacles has grown a beastly spike.
You cannot wear most types of armour.
You are amphibious.
You can wear up to eight rings at the same time.
Your skin changes colour to match your surroundings (Stealth+).
Your rubbery body absorbs attacks. (AC +1, EV +1)
((You are camouflaged near water. (Stealth+)))
You have tentacles for arms and can constrict up to eight enemies at once.
You are agile. (Dex +2)
You are weak. (Str -2)
Your spells are a little harder to cast, but a little more powerful.
You sometimes lose the ability to read scrolls when taking damage.


Message History

You barely miss something. Your squeeze misses something.
An orc wizard appears from thin air!
Reactivating autopickup.
The orc wizard barely misses you. The orc wizard closely misses you.
It was a potion of attraction.
You feel attractive to monsters.
You feel yourself speed up.
The orc wizard casts a spell.
The orc wizard flickers and vanishes!
Deactivating autopickup; reactivate with Ctrl-A.
The rat is pulled toward you!
It was a potion of mutation.
You feel extremely strange.
You lose the ability to read scrolls when threatened.
You feel weaker.
You feel less in control of your magic.
You feel agile. Something completely misses you. The rat is pulled toward you!
It was a potion of invisibility.
You fade into invisibility!
You hear some strange, mumbled words.
Something tries to affect you, but you resist.
You are very lightly contaminated with residual magic.
The rat is pulled toward you!
Casting: Beastly Appendage (safe; 5% risk of failure)
Confirm with . or Enter, or press ? or * to list all spells.
One of your tentacles grows a vicious spike.
Something hits you.
You feel threatened and lose the ability to read scrolls!
* * * LOW HITPOINT WARNING * * *
The rat closely misses you.
You closely miss the rat. Your grab misses the rat.
You pierce the rat.
You kill the rat!
You hear some strange, mumbled words.
Something tries to affect you, but you resist.
You can read scrolls again.
Something is pulled toward you!
You see here 13 arrows.
You hear some strange, mumbled words.
You are confused.
Something is pulled toward you!
You're too confused to move!
Something hits you.
You feel threatened and lose the ability to read scrolls!
You die...

.........# #. #.)).#.....#
..........###.###.##.......#
..................##).######
........####..#........# ...
...###......###...... ..
.............##..##..#
.#........###..........##
......................##
###.##........#.@.......#
....>........##.(.......#
.......#.....##†........
#...# ######)).........
###..#####....######.#..
.............## .# #
#............# #
.............#######.
......PP.......<.....


There were no monsters in sight!

Vanquished Creatures
  Grinder (D:3)
  Jessica (D:2)
  Natasha (thrice) (D:3)
  Ijyb (D:3)
  2 adders (D:2)
  A worm (D:2)
  2 dart slugs
  4 orcs (D:3)
  4 endoplasms
  5 giant cockroaches
  9 goblins
  3 hobgoblins
  4 jackals (D:2)
  3 quokkas
  5 ball pythons
  4 bats
  A frilled lizard (D:3)
  6 kobolds
  8 rats
67 creatures vanquished.

Vanquished Creatures (others)
  31 plants (D:3)
31 creatures vanquished.

Grand Total: 98 creatures vanquished

Notes
Turn   | Place    | Note
-------+----------+-------------------------------------------
     0 | D:1      | Araneus the Octopode Transmuter began the quest for the
                  | Orb.
     0 | D:1      | Reached XP level 1. HP: 13/13 MP: 3/3
   360 | D:1      | Reached XP level 2. HP: 17/18 MP: 3/5
  1075 | D:2      | Reached XP level 3. HP: 23/23 MP: 6/6
  1099 | D:2      | Reached skill level 4 in Unarmed Combat
  1656 | D:2      | Found a faded altar of an unknown god.
  1683 | D:2      | Reached XP level 4. HP: 20/28 MP: 5/7
  1869 | D:2      | Found an ancient bone altar of Kikubaaqudgha.
  2036 | D:2      | Noticed Jessica
  2041 | D:2      | Killed Jessica
  2421 | D:3      | Noticed Ijyb
  2432 | D:3      | Killed Ijyb
  2433 | D:3      | Reached XP level 5. HP: 21/33 MP: 8/8
  2587 | D:3      | Noticed Natasha
  2593 | D:3      | Killed Natasha
  2663 | D:3      | Noticed Grinder
  2672 | D:3      | Killed Grinder
  2673 | D:3      | Reached skill level 5 in Unarmed Combat
  2673 | D:3      | Reached XP level 6. HP: 13/38 MP: 9/9
  2791 | D:3      | Learned a level 4 spell: Ice Form
  2916 | D:3      | Noticed Natasha
  2921 | D:3      | Killed Natasha
  2941 | D:3      | Noticed Natasha
  2960 | D:3      | Killed Natasha
  2973 | D:3      | Gained mutation: You sometimes lose the ability to read
                  | scrolls when taking damage. [potion of mutation]
  2973 | D:3      | Gained mutation: You are weak. (Str -2) [potion of
                  | mutation]
  2973 | D:3      | Gained mutation: Your spells are a little harder to cast,
                  | but a little more powerful. [potion of mutation]
  2973 | D:3      | Gained mutation: You are agile. (Dex +2) [potion of
                  | mutation]
  2976 | D:3      | HP: 1/38 [something (4)]
  2981 | D:3      | Slain by an orc wizard

Illustrated notes

Levels and vault maps discovered:
D:1:      elethiomel_arrival_infinity_welcomes_careful_drivers,
          layout_loops_ring
D:2:      layout_basic, ebering_ecumenical_altar_box, basic_altar,
          kennysheep_jessica_study
D:3:      layout_rooms, kennysheep_boxes, uniq_natasha, uniq_grinder, uniq_ijyb

Skill      XL: |  1  2  3  4  5 |
---------------+----------------+-----
Unarmed Combat | 4 5 |  5.9
Transmutations | 3 4 |  4.8
Fighting       | |  1.0
Dodging        | |  2.0
Spellcasting   | |  2.0
Ice Magic      | |  0.4

Action                   |  1- 3 |  4- 6 || total
-------------------------+-------+-------++-------
Melee: Unarmed           |    75 |    62 ||   137
       Tentacles         |    23 |    10 ||    33
       Constrict         |    20 |    14 ||    34
       Kick              |    14 |    20 ||    34
       Punch             |       |     2 ||     2
 Cast: Beastly Appendage |    28 |    15 ||    43
  Use: Potion            |       |     3 ||     3
 Stab: Sleeping          |    10 |     1 ||    11
Armor: Skin              |     7 |     3 ||    10
Dodge: Dodged            |    43 |    40 ||    83
